AoeStats
← keda

Black Forest

504068381Analyzed
3v3 RM · 28d ago on Sep 3, 2026· 103m 3s· 6 players
Game mode
Random Map
Map size
Normal (6 player)
Population
200
Speed
Normal
Resources
Standard
Victory
Conquest
Starting age
Dark Age
Ending age
Imperial Age
RankedLock teamsTeams togetherTeam positionsShared explorationLock speedFull tech treeHidden civsTurbo modeCheats
Victory
Defeat
🇵🇭 Persians · Philippines
595
+22
🇵🇭 Bohemians · Philippines
458
+16
🇵🇭 Burgundians · Philippines
455
+17
🇨🇭 Bohemians · Switzerland
611
-20
🇺🇸 Maya · United States
451
-14
🇸🇰 Portuguese · Slovakia
338
-9
FROSTY L3M0N
1:00 Loom
11:49 Feudal Age
12:42 Feudal Age
13:43 Double-Bit Axe
14:06 Horse Collar
17:55 Wheelbarrow
19:26 Scale Mail Armor
19:37 Forging
19:30 Padded Archer Armor
19:22 Fletching
21:08 Town Watch
24:36 Castle Age
24:03 Man-at-Arms
27:41 Bow Saw
28:18 Heavy Plow
31:29 Iron Casting
30:52 Gold Mining
30:53 Stone Mining
31:58 Bodkin Arrow
32:30 Squires
33:51 Pikeman
34:50 Chain Mail Armor
34:51 Leather Archer Armor
34:51 Thumb Ring
35:17 Hand Cart
35:46 Fortified Wall
36:05 Ballistics
37:35 Stone Shaft Mining
37:03 Crossbowman
37:05 Elite Skirmisher
41:54 Imperial Age
39:30 Guard Tower
39:36 Murder Holes
39:58 Eagle Warrior
40:28 Arson
42:18 Town Patrol
44:07 Bracer
44:38 Ring Archer Armor
44:11 Hul'che Javelineers
44:32 Conscription
45:17 Chemistry
45:41 Arbalester
45:44 Capped Ram
49:41 Keep
51:23 Blast Furnace
50:53 Plate Mail Armor
49:50 Elite Eagle Warrior
50:43 Elite Plumed Archer
50:52 Halberdier
57:29 Holcans
61:59 Siege Ram
71:59 Hoardings
81:50 Caravan
83:04 Two-Man Saw
MetBlue
0:30 Loom
13:46 Feudal Age
14:15 Double-Bit Axe
14:13 Horse Collar
16:34 Wheelbarrow
26:21 Castle Age
26:09 Forging
26:05 Scale Barding Armor
26:03 Scale Mail Armor
26:05 Padded Archer Armor
25:56 Fletching
27:27 Husbandry
27:45 Caravan
28:05 Bow Saw
27:59 Heavy Plow
28:03 Squires
29:37 Arson
31:26 Hand Cart
34:28 Chemistry
36:02 Iron Casting
35:48 Chain Barding Armor
36:06 Chain Mail Armor
39:38 Imperial Age
38:53 Fortified Wall
38:25 Treadmill Crane
40:10 Town Watch
41:06 Conscription
40:08 Elite Hussite Wagon
42:20 Two-Man Saw
40:54 Cavalier
42:40 Murder Holes
43:11 Town Patrol
43:59 Wagenburg Tactics
45:34 Blast Furnace
46:28 Crossbowman
47:06 Bodkin Arrow
47:27 Leather Archer Armor
47:04 Arbalester
47:48 Bracer
51:36 Pikeman
54:12 Ring Archer Armor
54:25 Plate Mail Armor
55:32 Halberdier
56:36 Masonry
58:25 Houfnice
83:41 Heavy Scorpion
b.sadowski
15:34 Feudal Age
20:43 Double-Bit Axe
21:15 Gold Mining
21:16 Stone Mining
25:50 Castle Age
23:53 Horse Collar
31:47 Imperial Age
29:47 Heavy Plow
30:10 Arson
33:38 Wheelbarrow
33:43 Crop Rotation
35:47 Hand Cart
37:16 Scale Barding Armor
37:12 Scale Mail Armor
37:13 Padded Archer Armor
37:04 Fletching
37:25 Forging
38:26 Bow Saw
37:43 Pikeman
37:44 Man-at-Arms
38:10 Gambesons
38:49 Chain Barding Armor
38:44 Chain Mail Armor
40:30 Chemistry
39:50 Ballistics
39:42 Fortified Wall
39:28 Murder Holes
39:14 Treadmill Crane
39:44 Masonry
42:01 Arquebus
42:55 Husbandry
42:16 Cavalier
43:07 Bloodlines
42:18 Light Cavalry
43:07 Halberdier
43:12 Crossbowman
43:12 Elite Skirmisher
44:40 Bodkin Arrow
46:08 Iron Casting
46:04 Plate Mail Armor
46:04 Leather Archer Armor
49:08 Thumb Ring
49:21 Thumb Ring
52:08 Two-Man Saw
52:24 Blast Furnace
54:02 Plate Barding Armor
53:58 Ring Archer Armor
53:53 Bracer
57:25 Arbalester
61:00 Elite Organ Gun
81:35 Long Swordsman
93:28 Architecture
Bakkenn
10:06 Double-Bit Axe
11:54 Feudal Age
17:24 Wheelbarrow
18:41 Horse Collar
18:55 Arson
18:34 Man-at-Arms
22:21 Castle Age
21:00 Gold Mining
21:04 Stone Mining
22:09 Scale Mail Armor
22:27 Forging
22:49 Heavy Plow
22:37 Long Swordsman
27:23 Caravan
29:14 Gold Shaft Mining
28:55 Bow Saw
30:10 Coinage
33:44 Crop Rotation
36:08 Pikeman
36:49 Squires
37:08 Hand Cart
38:00 Stone Shaft Mining
38:31 Two-Man Saw
37:44 Loom
40:30 Imperial Age
38:40 Treadmill Crane
39:24 Ballistics
39:13 Burgundian Vineyards
40:32 Chain Mail Armor
40:54 Iron Casting
40:56 Fortified Wall
43:02 Chemistry
42:15 Masonry
41:39 Two-Handed Swordsman
43:14 Conscription
44:04 Banking
45:29 Bombard Tower
45:39 Architecture
45:06 Murder Holes
44:41 Halberdier
46:09 Plate Mail Armor
49:20 Scale Barding Armor
50:15 Blast Furnace
49:07 Elite Coustillier
51:19 Chain Barding Armor
55:03 Champion
57:42 Hoardings
60:53 Sappers
65:10 Onager
78:09 Fervor
78:07 Herbal Medicine
78:38 Guilds
85:38 Plate Barding Armor
85:52 Block Printing
86:04 Sanctity
99:30 Arrowslits
100:35 Redemption
101:04 Illumination
Isdapatay
14:04 Feudal Age
19:30 Castle Age
17:58 Double-Bit Axe
18:56 Horse Collar
21:20 Loom
21:54 Bow Saw
21:47 Heavy Plow
23:33 Squires
22:54 Pikeman
32:49 Imperial Age
34:44 Chemistry
34:07 Halberdier
37:14 Houfnice
42:39 Two-Man Saw
48:04 Elite Hussite Wagon
48:51 Wagenburg Tactics
48:25 Crossbowman
49:53 Arbalester
74:38 Forging
74:19 Fletching
74:29 Padded Archer Armor
74:30 Scale Mail Armor
74:35 Scale Barding Armor
79:15 Caravan
79:45 Coinage
keda
13:40 Feudal Age
19:38 Double-Bit Axe
23:04 Castle Age
23:22 Wheelbarrow
22:45 Gold Mining
30:48 Scale Mail Armor
30:54 Scale Barding Armor
30:51 Padded Archer Armor
30:42 Fletching
31:03 Forging
31:41 Hand Cart
31:16 Town Watch
31:17 Loom
33:19 Bow Saw
38:43 Pikeman
38:44 Man-at-Arms
39:10 Arson
39:26 Squires
39:13 Gambesons
39:10 Crossbowman
39:12 Elite Skirmisher
39:59 Thumb Ring
40:21 Parthian Tactics
40:02 Husbandry
40:54 Bloodlines
42:50 Gold Shaft Mining
42:08 Stone Mining
43:01 Herbal Medicine
43:17 Fervor
43:08 Devotion
46:18 Kamandaran
46:52 Ballistics
49:45 Imperial Age
50:58 Citadels
51:17 Conscription
52:52 Elite War Elephant
57:03 Sappers
58:12 Hoardings
57:33 Heated Shot
58:44 Chemistry
57:37 Heated Shot
57:44 Murder Holes
58:00 Masonry
80:22 Faith
80:38 Theocracy
80:19 Block Printing
79:41 Halberdier
79:42 Long Swordsman
80:44 Heavy Cavalry Archer
Connection lost

Rejoining the realm…

Still unreachable

The connection could not be restored.

Session expired

The server has moved on; the page needs a fresh start.